AoeStats
← Hyper Fury

Black Forest

511135544Analyzed
3v3 RM · 12d ago on Oct 3, 2026· 74m 13s· 6 players
Game mode
Random Map
Map size
Normal (6 player)
Population
200
Speed
Normal
Resources
Standard
Victory
Conquest
Starting age
Dark Age
Ending age
Imperial Age
RankedLock teamsTeams togetherTeam positionsShared explorationLock speedFull tech treeHidden civsTurbo modeCheats
Victory
Defeat
🇪🇸 Romans · Spain
871
+15
🇲🇽 Khitans · Mexico
864
+15
🇺🇸 Malay · United States
858
+15
vs
🇹🇷 Bohemians · Türkiye
882
-17
🇨🇾 Teutons · Cyprus
845
-15
🇹🇷 Burgundians · Türkiye
802
-13
Hyper Fury
0:46 Loom
10:24 Wheelbarrow
14:32 Feudal Age
13:01 Double-Bit Axe
12:59 Horse Collar
15:21 Heavy Plow
15:32 Bow Saw
20:39 Stone Mining
20:40 Gold Mining
22:45 Stone Shaft Mining
22:48 Gold Shaft Mining
26:32 Castle Age
24:46 Forging
24:26 Fletching
24:37 Scale Mail Armor
25:22 Scale Barding Armor
25:26 Padded Archer Armor
26:30 Caravan
26:56 Hand Cart
26:27 Town Watch
28:27 Two-Man Saw
32:14 Crop Rotation
32:20 Ballistics
31:40 Treadmill Crane
32:11 Masonry
32:12 Fortified Wall
32:06 Murder Holes
34:08 Pikeman
34:49 Squires
34:34 Arson
34:11 Elite Skirmisher
34:11 Crossbowman
34:14 Cavalier
34:54 Husbandry
34:22 Light Cavalry
35:58 Burgundian Vineyards
36:43 Coinage
36:24 Guilds
40:04 Imperial Age
38:00 Leather Archer Armor
38:19 Chain Mail Armor
38:52 Iron Casting
38:58 Chain Barding Armor
38:52 Bodkin Arrow
39:40 Town Patrol
40:08 Paladin
40:09 Hussar
40:17 Halberdier
42:31 Conscription
42:49 Hoardings
43:22 Chemistry
45:04 Blast Furnace
44:35 Plate Mail Armor
45:51 Plate Barding Armor
45:17 Bracer
45:49 Architecture
45:37 Arrowslits
49:11 Elite Coustillier
CAN GÖÇER
0:30 Loom
16:31 Feudal Age
17:02 Double-Bit Axe
19:19 Gold Mining
19:25 Fletching
19:36 Padded Archer Armor
19:25 Town Watch
22:32 Stone Mining
23:30 Horse Collar
27:39 Castle Age
28:28 Heavy Plow
28:41 Bow Saw
31:13 Stone Shaft Mining
32:25 Fortified Wall
33:07 Masonry
34:12 Leather Archer Armor
34:29 Bodkin Arrow
34:57 Ballistics
36:56 Wheelbarrow
36:25 Town Patrol
40:18 Imperial Age
38:19 Hand Cart
40:00 Bloodlines
40:06 Forging
39:57 Scale Mail Armor
40:02 Scale Barding Armor
40:09 Caravan
40:40 Coinage
40:33 Cavalier
41:51 Crop Rotation
42:43 Two-Man Saw
43:17 Chemistry
43:33 Chain Mail Armor
43:34 Pikeman
44:14 Squires
44:00 Arson
44:40 Onager
45:47 Arrowslits
46:08 Siege Engineers
51:26 Elite Teutonic Knight
52:42 Hoardings
Knights Hospitaller
0:31 Loom
10:53 Feudal Age
12:43 Double-Bit Axe
15:01 Fletching
15:06 Horse Collar
17:21 Wheelbarrow
23:40 Castle Age
27:28 Fortified Wall
27:57 Bow Saw
28:32 Masonry
30:23 Chemistry
29:42 Hand Cart
29:38 Heavy Plow
30:30 Ballistics
31:45 Bodkin Arrow
32:53 Town Watch
33:26 Padded Archer Armor
37:05 Imperial Age
35:23 Town Patrol
36:13 Wagenburg Tactics
37:34 Leather Archer Armor
38:53 Two-Man Saw
39:27 Architecture
40:10 Bracer
41:54 Ring Archer Armor
41:21 Elite Hussite Wagon
43:33 Siege Engineers
43:52 Conscription
44:37 Forging
44:28 Scale Mail Armor
46:27 Pikeman
47:08 Squires
47:46 Iron Casting
47:27 Chain Mail Armor
47:39 Murder Holes
47:22 Elite Skirmisher
51:06 Halberdier
52:50 Blast Furnace
52:21 Plate Mail Armor
54:56 Arson
HolacauztoCanibal
0:31 Loom
13:51 Feudal Age
14:31 Double-Bit Axe
16:50 Man-at-Arms
22:52 Castle Age
24:27 Wheelbarrow
24:13 Bow Saw
31:58 Domestication
32:18 Gold Mining
33:39 Stone Mining
34:40 Caravan
34:47 Fletching
38:42 Imperial Age
36:30 Bodkin Arrow
37:26 Pastoralism
37:14 Town Watch
38:07 Hand Cart
38:22 Fortified Wall
37:40 Crossbowman
42:10 Padded Archer Armor
42:11 Bracer
42:33 Ballistics
43:15 Chemistry
44:00 Conscription
44:27 Thumb Ring
47:24 Leather Archer Armor
50:22 Murder Holes
53:10 Light Cavalry
53:51 Husbandry
53:57 Hussar
56:09 Ring Archer Armor
56:23 Scale Barding Armor
56:29 Forging
58:15 Chain Barding Armor
58:12 Ordo Cavalry
61:23 Plate Barding Armor
62:00 Iron Casting
64:27 Two-Man Saw
63:58 Transhumance
64:14 Treadmill Crane
69:08 Siege Engineers
71:31 Town Patrol
71:50 Masonry
73:36 Spies/Treason
Diegoto86
1:02 Loom
13:16 Feudal Age
15:40 Horse Collar
20:09 Castle Age
27:45 Double-Bit Axe
29:29 Heavy Plow
36:12 Imperial Age
33:56 Stone Mining
36:25 Wheelbarrow
36:01 Bow Saw
35:43 Gold Mining
36:22 Capped Ram
37:29 Conscription
37:21 Forging
37:12 Scale Mail Armor
36:36 Man-at-Arms
37:17 Squires
37:29 Masonry
38:22 Gold Shaft Mining
37:46 Long Swordsman
39:21 Architecture
38:43 Onager
39:32 Elite Skirmisher
40:28 Chain Mail Armor
40:49 Iron Casting
40:35 Fortified Wall
40:19 Cavalier
42:15 Scale Barding Armor
43:11 Blast Furnace
41:54 Legionary
42:52 Hand Cart
42:23 Town Watch
43:27 Crop Rotation
43:02 Caravan
43:26 Chain Barding Armor
43:39 Husbandry
43:51 Bloodlines
44:44 Ballistics
46:04 Town Patrol
47:19 Plate Barding Armor
49:07 Comitatenses
48:50 Elite Centurion
51:02 Chemistry
50:33 Siege Ram
53:01 Pikeman
61:55 Siege Engineers
72:35 Light Cavalry
XxMasterxX
0:29 Loom
12:38 Feudal Age
12:18 Horse Collar
16:25 Double-Bit Axe
22:12 Castle Age
21:14 Town Watch
21:42 Fletching
21:53 Padded Archer Armor
22:01 Gold Mining
22:02 Stone Mining
22:50 Heavy Plow
23:09 Forging
26:25 Bow Saw
30:29 Wheelbarrow
31:00 Gold Shaft Mining
32:06 Squires
31:52 Arson
31:27 Pikeman
32:38 Town Patrol
32:57 Scale Barding Armor
32:51 Bodkin Arrow
33:34 Iron Casting
33:15 Leather Archer Armor
33:28 Caravan
36:37 Imperial Age
34:54 Stone Shaft Mining
34:24 Bodkin Arrow
35:04 Hand Cart
35:01 Town Patrol
36:29 Conscription
37:21 Chemistry
36:17 Murder Holes
38:58 Blast Furnace
38:29 Ring Archer Armor
37:59 Bracer
38:32 Halberdier
38:34 Man-at-Arms
39:25 Husbandry
38:47 Elite Battle Elephant
42:28 Masonry
Connection lost

Rejoining the realm…

Still unreachable

The connection could not be restored.

Session expired

The server has moved on; the page needs a fresh start.